 Dungeon Crawl Stone Soup version 0.31-a0-233-g139696dc86 (webtiles) character file.

Game seed: 12619743827638647530

627 qw the Shooter (level 7, 0/59 HPs)
             Began as a Minotaur Hexslinger on July 8, 2023.
             Slain by a lemure (3 damage)
             ... led by Pikel
             ... on level 5 of the Dungeon.
             The game lasted 00:01:42 (3709 turns).

qw the Shooter (Minotaur Hexslinger)                Turns: 3709, Time: 00:01:43

Health: 0/59       AC:  8    Str: 18    XL:     7   Next: 23%
Magic:  7/7        EV: 11    Int: 10    God:
Gold:   147        SH:  0    Dex: 15    Spells: 7/8 levels left

rFire   . . .        Y - +1 sling
rCold   . . .        (no shield)
rNeg    . . .        i - +0 ring mail
rPois   .            (helmet restricted)
rElec   .            k - +0 cloak
rCorr   .            l - +0 pair of gloves
SInv    .            f - +0 pair of boots
Will    .....        (no amulet)
Stlth   +            g - +6 ring of strength
HPRegen 0.29/turn    (no ring)
MPRegen 0.10/turn

%: no passive effects
@: about to teleport
A: horns 2, retaliatory headbutt
a: no special abilities


You were on level 5 of the Dungeon.
You visited 1 branch of the dungeon, and saw 5 of its levels.

You collected 252 gold pieces.
You spent 105 gold pieces at shops.


Innate Abilities, Weirdness & Mutations

You have a pair of horns on your head.
You reflexively headbutt those who attack you in melee.


   Skills:
 - Level 4.0 Fighting
 + Level 7.8 Ranged Weapons
 - Level 2.0 Armour
 - Level 2.1 Dodging
 - Level 1.0 Spellcasting
 - Level 2.0 Hexes


You had 7 spell levels left.
You knew the following spells:

 Your Spells              Type           Power      Damage    Failure   Level
a - Slow                  Hex            16%        N/A       26%         1

Your spell library contained the following spells:

 Spells                   Type           Power      Damage    Failure   Level
 Inner Flame              Hex/Fire       2%         N/A       75%         3
 Portal Projectile        Hex/Tloc       4%         N/A       75%         3
 Cause Fear               Hex            2%         N/A       95%         4

Inventory:

Hand Weapons
 Y - a +1 sling (weapon)
Armour
 f - a +0 pair of boots (worn)
 i - a +0 ring mail (worn)
 k - a +0 cloak (worn)
 l - a +0 pair of gloves (worn)
Jewellery
 c - a ring of ice
 g - a +6 ring of strength (left hand)
 h - a ring of willpower
 n - a ring of protection from cold
Scrolls
 b - a scroll of identify
Potions
 a - a potion of curing
 d - a potion of haste
 e - a potion of enlightenment
 o - a potion of brilliance {unknown}

Dungeon Overview and Level Annotations

Branches:
Dungeon (5/15)
 Temple: D:4-7

Altars:
Ru
Wu Jian
Xom

Shops:
D:2 *

Annotations:
D:5 Pikel


Message History

The lemure hits you. The lemure barely misses you.
3700 ||| Stepping ~*~*~tactically~*~*~ (outnumbered).
The lemure attacks as you move away! The lemure closely misses you.
You furiously retaliate!
You headbutt the lemure. You shoot a sling bullet.
The sling bullet barely misses the lemure.
The lemure misses you. You furiously retaliate!
You headbutt the lemure. The lemure hits you.
You shoot a sling bullet. The sling bullet hits the lemure.
The lemure is moderately wounded.
The lemure hits you.
You shoot a sling bullet.
The sling bullet closely misses the lemure.
The lemure hits you but does no damage.
A lemure comes into view.
You shoot a sling bullet. The sling bullet hits the lemure.
The lemure is moderately wounded.
Pikel zaps a wand.
You resist with some effort.
You shoot a sling bullet. The sling bullet hits the lemure.
The lemure is heavily wounded.
You hear a shout!
The lemure hits you. Pikel closely misses you. The lemure hits you.
You shoot a sling bullet.
The sling bullet barely misses the lemure.
The lemure hits you. Pikel completely misses you. The lemure hits you!
3707 ||| READING scroll of teleportation.
As you read the scroll of teleportation, it crumbles to dust.
You feel strangely unstable. The lemure barely misses you.
You furiously retaliate!
You headbutt the lemure.
Pikel hits you with a +0 whip of freezing.
Pikel freezes you. The lemure hits you.
You shoot a sling bullet.
The sling bullet hits the lemure but does no damage.
The lemure is heavily wounded.
The lemure hits you but does no damage. x2; Pikel closely misses you.
You shoot a sling bullet.
The sling bullet hits the lemure but does no damage.
The lemure is heavily wounded.
The lemure hits you.
You die...

#.##.########.#.#
#.##.########.#.#
#.##.##....##.#.#
#.##....##.##.#.#
#.####..##.##.#.# #.#
#..##.##.#.# #.#
#..##.##.#.########
####..##.....55c....?.
##.............#@#$.#####
..............##K#..# #
###..####....5...K #
....# ######....#
##.####. ..#.# ...# #
#.#.# #### .# # .


You could see Pikel, 3 lemures and a centaur.

Vanquished Creatures
  A black bear (D:5)
  An ogre (D:5)
  A bullfrog (D:5)
  A jelly (D:5)
  4 iguanas (D:5)
  A sleepcap (D:5)
  An orc wizard (D:4)
  8 gnolls
  4 adders
  An ufetubus (D:4)
  A worm (D:2)
  2 dart slugs
  4 orcs
  3 ball pythons
  6 endoplasms
  3 giant cockroaches
  5 goblins
  6 hobgoblins
  11 jackals
  2 quokkas
  5 bats
  3 frilled lizards
  9 kobolds
  2 rats
85 creatures vanquished.

Notes
Turn   | Place    | Note
-------+----------+-------------------------------------------
     0 | D:1      | qw the Minotaur Hexslinger began the quest for the Orb.
     0 | D:1      | Reached XP level 1. HP: 16/16 MP: 1/1
     0 | D:1      | 0 ||| qw: Version: 0.3-a-46-gb1f654a
     0 | D:1      | 0 ||| qw: Game counter: 3443
     0 | D:1      | 0 ||| qw: Melee chars always use a shield: true
     0 | D:1      | 0 ||| qw: God list: Okawaru
     0 | D:1      | 0 ||| qw: Allow faded altars: false
     0 | D:1      | 0 ||| qw: Do Orc after clearing Dungeon:15 true
     0 | D:1      | 0 ||| qw: Do second Lair branch before Depths: true
     0 | D:1      | 0 ||| qw: Lair rune preference: random
     0 | D:1      | 0 ||| qw: Goals: Normal
     0 | D:1      | 0 ||| PLANNING D:1-11
    72 | D:1      | Reached skill level 3 in Ranged Weapons
    75 | D:1      | Reached XP level 2. HP: 23/23 MP: 2/2
   448 | D:1      | Reached XP level 3. HP: 29/29 MP: 3/3
   740 | D:1      | 740 ||| UPGRADING to +0 pair of boots.
   745 | D:1      | 745 ||| UPGRADING to +0 ring mail.
   755 | D:1      | 755 ||| DROPPING +0 robe.
   756 | D:1      | 756 ||| UPGRADING to +6 ring of strength.
   757 | D:1      | 757 ||| READING scroll labelled UCEDOA FUAT.
   758 | D:1      | 758 ||| READING scroll labelled TAASUE SOMA.
   759 | D:1      | 759 ||| DRINKING 2 lumpy red potions.
   760 | D:1      | 760 ||| DROPPING scroll of poison.
   852 | D:2      | Reached skill level 4 in Ranged Weapons
   936 | D:2      | Reached skill level 1 in Armour
   965 | D:2      | Found Xapnesio's Assorted Antiques.
   984 | D:2      | 984 ||| BUYING jade ring (105 gold).
   984 | D:2      | Bought a jade ring for 105 gold pieces
   984 | D:2      | 984 ||| SHOPLISTING scroll labelled SOENIQATAE (21 gold,
                  | have 10).
   984 | D:2      | 984 ||| SHOPLISTING warped ring mail (189 gold, have 10).
  1211 | D:2      | Found a shimmering altar of Xom.
  1296 | D:2      | Reached XP level 4. HP: 33/36 MP: 4/4
  1408 | D:2      | 1408 ||| READING scroll labelled DIASKY RAPUH.
  1409 | D:2      | 1409 ||| DRINKING 2 white potions.
  1410 | D:2      | 1410 ||| DRINKING 2 clear potions.
  2253 | D:3      | 2253 ||| UPGRADING to +0 cloak.
  2258 | D:3      | 2258 ||| READING 2 scrolls of identify.
  2258 | D:3      | 2258 ||| IDENTIFYING golden potion
  2324 | D:4      | Reached skill level 5 in Ranged Weapons
  2338 | D:4      | HP: 6/37 [gnoll/+0 spear (7)]
  2338 | D:4      | HP: 1/37 [gnoll/+0 spear (5)]
  2339 | D:4      | 2339 ||| DRINKING 2 potions of heal wounds.
  2466 | D:4      | Reached XP level 5. HP: 44/44 MP: 5/5
  2503 | D:4      | Found a sacrificial altar of Ru.
  2538 | D:4      | Reached skill level 3 in Fighting
  2585 | D:4      | 2585 ||| FLEEEEING.
  2586 | D:4      | 2586 ||| FLEEEEING.
  2587 | D:4      | 2587 ||| FLEEEEING.
  2588 | D:4      | 2588 ||| FLEEEEING.
  2589 | D:4      | 2589 ||| FLEEEEING.
  2590 | D:4      | 2590 ||| FLEEEEING.
  2591 | D:4      | 2591 ||| FLEEEEING.
  2592 | D:4      | 2592 ||| FLEEEEING.
  2593 | D:4      | 2593 ||| FLEEEEING.
  2594 | D:4      | 2594 ||| FLEEEEING.
  2595 | D:4      | 2595 ||| FLEEEEING.
  2597 | D:4      | 2597 ||| FLEEEEING.
  2598 | D:4      | 2598 ||| FLEEEEING.
  2600 | D:4      | 2600 ||| STAIRDANCE
  2642 | D:3      | 2642 ||| UPGRADING to +0 pair of gloves.
  2647 | D:3      | 2647 ||| READING 2 scrolls labelled JENWEJ TORAU.
  2652 | D:3      | 2652 ||| READING scroll labelled ZOOZEM BENYGOO.
  2653 | D:3      | 2653 ||| READING 2 scrolls of identify.
  2653 | D:3      | 2653 ||| IDENTIFYING fuming inky potion
  2654 | D:3      | 2654 ||| DROPPING potion of attraction.
  2930 | D:4      | Found an ornate altar of the Wu Jian Council.
  2965 | D:5      | Entered Level 5 of the Dungeon
  3019 | D:5      | Reached skill level 6 in Ranged Weapons
  3043 | D:5      | 3043 ||| Stepping ~*~*~tactically~*~*~ (outnumbered).
  3050 | D:5      | 3050 ||| Stepping ~*~*~tactically~*~*~ (outnumbered).
  3060 | D:5      | Reached XP level 6. HP: 17/51 MP: 6/6
  3255 | D:5      | 3255 ||| FLEEEEING.
  3503 | D:5      | HP: 10/52 [ogre/+0 giant club (18)]
  3504 | D:5      | 3504 ||| READING 2 scrolls of teleportation.
  3505 | D:5      | 3505 ||| DRINKING potion of heal wounds.
  3506 | D:5      | Reached skill level 7 in Ranged Weapons
  3506 | D:5      | Reached XP level 7. HP: 41/59 MP: 7/7
  3699 | D:5      | Noticed Pikel
  3700 | D:5      | 3700 ||| Stepping ~*~*~tactically~*~*~ (outnumbered).
  3706 | D:5      | HP: 8/59 [lemure[Pikel] (8)]
  3707 | D:5      | 3707 ||| READING scroll of teleportation.
  3707 | D:5      | HP: 3/59 [lemure[Pikel] (3)]
  3709 | D:5      | Slain by a lemure

Levels and vault maps discovered:
D:1:      psy_arrival_radial02, layout_loops_ring, fountainhead,
          amcnicky_mini_rare_corridor_liquid, minmay_misc_feat_hallway
D:2:      layout_loops_ring, basic_altar, serial_shops, nicolae_shop_statue_plus
D:3:      layout_loops_corners
D:4:      layout_rooms, mainiacjoe_overflow_alcove_1,
          pdpol_wu_jian_five_deadly_venoms
D:5:      layout_loops_ring, uniq_pikel, uniq_sigmund

Skill      XL: |  1  2  3  4  5  6 |
---------------+-------------------+-----
Ranged Weapons | 3 4 5 6 7 |  7.8
Fighting       | 2 3 4 |  4.0
Armour         | 1 2 |  2.0
Dodging        | |  2.1
Spellcasting   | |  1.0
Hexes          | |  2.0

Action                     |  1- 3 |  4- 6 |  7- 9 || total
---------------------------+-------+-------+-------++-------
   Fire: Sling             |   131 |   232 |    31 ||   394
    Use: Scroll            |     2 |     6 |     1 ||     9
         Potion            |     1 |     4 |       ||     5
 Armour: Robe              |     4 |       |       ||     4
         Ring mail         |    34 |    58 |    15 ||   107
  Dodge: Dodged            |    36 |    65 |    18 ||   119

Table legend:
 A = Non-vault XP
 B = Vault XP
 C = Vault XP percentage of total XP
 D = Non-vault monster count
 E = Vault monster count
 F = Vault count percentage of total count
                 A         B        C        D         E       F
            +---------+---------+-------+---------+---------+-------
      Total |     897 |       0 |   0.0 |      85 |       0 |   0.0
            +---------+---------+-------+---------+---------+-------
        D:1 |      46 |       0 |   0.0 |      19 |       0 |   0.0
        D:2 |      57 |       0 |   0.0 |      17 |       0 |   0.0
        D:3 |      44 |       0 |   0.0 |      18 |       0 |   0.0
        D:4 |     108 |       0 |   0.0 |      16 |       0 |   0.0
        D:5 |     642 |       0 |   0.0 |      15 |       0 |   0.0
            +---------+---------+-------+---------+---------+-------
